 Dungeon Crawl Stone Soup version 0.20.1-1-g8b1a95d (webtiles) character file.

123 Gargoyl the Skirmisher (level 4, -2/41 HPs)
             Began as a Minotaur Abyssal Knight on Oct 5, 2017.
             Was a Believer of Lugonu.
             Slain by Natasha (5 damage)
             ... on level 2 of the Dungeon.
             The game lasted 00:02:54 (1261 turns).

Gargoyl the Skirmisher (Minotaur Abyssal Knight)    Turns: 1261, Time: 00:02:55

Health: -2/41      AC:  9    Str: 16    XL:     4   Next: 79%
Magic:  4/4        EV:  9    Int:  9    God:    Lugonu [**....]
Gold:   56         SH:  2    Dex: 11    Spells: 3/3 levels left

rFire    . . .     SeeInvis .   a - +2 hand axe
rCold    . . .     Gourm    .   (no shield)
rNeg     . . .     Faith    .   e - +0 scale mail
rPois    .         Spirit   .   (helmet restricted)
rElec    .         Reflect  +   (no cloak)
rCorr    .         Harm     .   j - +1 pair of gloves
MR       .....                  (no boots)
Stlth    ..........             d - +2 amulet of reflection
Regen    0.2/turn               (no ring)
MPRegen  0.1/turn               (no ring)

@: no status effects
A: retaliatory headbutt, horns 2
a: Depart the Abyss, Bend Space, Renounce Religion


You were on level 2 of the Dungeon.
You worshipped Lugonu.
Lugonu was pleased with you.
You were not hungry.

You visited 1 branch of the dungeon, and saw 2 of its levels.
You visited the Abyss 1 time.

You collected 56 gold pieces.

Inventory:

Hand Weapons
 a - a +2 hand axe (weapon)
Armour
 e - a +0 scale mail (worn)
 j - a +1 pair of gloves (worn)
Jewellery
 d - a +2 amulet of reflection (around neck)
Scrolls
 f - a scroll of teleportation
Comestibles
 c - 3 bread rations
 g - a royal jelly
 h - a meat ration


   Skills:
 + Level 4.7 Fighting
 + Level 3.5 Axes
 * Level 3.8 Armour
 + Level 1.3 Dodging
 * Level 2.5 Invocations


You had 3 spell levels left.
You didn't know any spells.

Dungeon Overview and Level Annotations

Branches:
Dungeon (2/15)

Altars:
Xom

Annotations:
D:2 Natasha


Innate Abilities, Weirdness & Mutations

You reflexively headbutt those who attack you in melee.
You have a pair of horns on your head.


Message History

Natasha closely misses you.
You closely miss Natasha.
Natasha is almost dead.
You hit the white imp but do no damage.
The white imp hits you but does no damage.
Natasha claws you.
* * * LOW HITPOINT WARNING * * *
Unknown command.
Unknown command.
You closely miss Natasha.
Natasha is almost dead.
You hit the white imp but do no damage.
The white imp hits you but does no damage.
Natasha claws you but does no damage.
Unknown command.
You closely miss Natasha. Your headbutt misses Natasha.
Natasha is almost dead.
You barely miss the white imp. The white imp barely misses you.
Natasha claws you.
You die...

##.##...#############
#<.##.....#
#..######## #..# #..#
#..# #..# .
#..##############....
###
#.......55@hgw.......
...
#.###########5.......
### #.# #........ #)#
#.......# #.#
#5......# #.#
#.w.....# #.#
#........ #.#
#.)...... #.#


You could see Natasha, a crimson imp, 2 white imps, a dart slug and a hobgoblin.

Vanquished Creatures
  Jessica (D:2)
  3 adders (D:2)
  2 worms (D:2)
  2 dart slugs
  A leopard gecko (D:1)
  2 bats (D:2)
  A giant cockroach (D:2)
  8 hobgoblins
  10 jackals
  A quokka (D:2)
  3 frilled lizards (D:2)
  7 goblins
  7 kobolds
  6 rats
54 creatures vanquished.

Notes
Turn   | Place    | Note
-------+----------+-------------------------------------------
     0 | Abyss:1  | Gargoyl the Minotaur Abyssal Knight began the quest for the Orb.
     0 | Abyss:1  | Reached XP level 1. HP: 19/19 MP: 1/1
    15 | Abyss:1  | Found a corrupted altar of Lugonu.
    33 | Abyss:1  | Found a bloodstained altar of Trog.
    48 | Abyss:1  | Noticed a large abomination
    55 | D:1      | Escaped the Abyss
   101 | D:1      | Reached skill level 4 in Fighting
   174 | D:1      | Reached * piety under Lugonu
   208 | D:1      | Reached XP level 2. HP: 25/27 MP: 2/2
   635 | D:2      | Reached XP level 3. HP: 32/33 MP: 3/3
   983 | D:2      | Reached XP level 4. HP: 41/41 MP: 4/4
   987 | D:2      | Found a shimmering altar of Xom.
  1100 | D:2      | Reached ** piety under Lugonu
  1227 | D:2      | Noticed Natasha
  1228 | D:2      | Noticed Jessica
  1239 | D:2      | Killed Jessica
  1261 | D:2      | Slain by Natasha

Skill      XL: |  1  2  3  4 |
---------------+-------------+-----
Fighting       | 4 |  4.7
Invocations    | 2 |  2.5
Armour         | 3 |  3.8
Axes           | 3 |  3.5
Dodging        | |  1.3

Action                   |  1- 3 |  4- 6 || total
-------------------------+-------+-------++-------
Melee: Hand axe          |    83 |    41 ||   124
       Headbutt          |     6 |     2 ||     8
Invok: Depart the Abyss  |     1 |       ||     1
  Use: Scroll            |     5 |       ||     5
  Eat: Chunk             |       |     1 ||     1
Armor: Leather armour    |     7 |       ||     7
       Scale mail        |    42 |    24 ||    66
Dodge: Dodged            |    48 |    27 ||    75
Block: Other             |     7 |     1 ||     8
